 Dungeon Crawl Stone Soup version 0.19.4-10-g532645f (webtiles) character file.

143 galech the Skirmisher (level 5, 0/57 HPs)
             Began as an Ogre Fighter on Feb 25, 2017.
             Slain by an adder (2 damage)
             ... on level 3 of the Dungeon.
             The game lasted 00:03:17 (2264 turns).

galech the Skirmisher (Ogre Fighter)                Turns: 2264, Time: 00:03:18

Health: 0/57       AC:  3    Str: 20 (22) XL:     5   Next: 25%
Magic:  5/5        EV:  8    Int:  4 (7)  God:
Gold:   199        SH:  8    Dex:  6 (9)  Spells: 0 memorised, 4 levels left

rFire  . . .     SeeInvis .     a - +0 flail
rCold  . . .     Gourm    .     b - +0 robe
rNeg   . . .     Faith    .     c - +0 shield
rPois  .         Spirit   .     (helmet restricted)
rElec  .         Reflect  .     (no cloak)
rCorr  .         Harm     .     (gloves unavailable)
MR     .....                    (boots unavailable)
Stlth  +.........               i - amulet of magic regeneration
                                (no ring)
                                (no ring)

@: lethally poisoned (0 -> -4)
A: unfitting armour, tough skin 1
a: no special abilities


You were on level 3 of the Dungeon.
You were hungry.

You visited 1 branch of the dungeon, and saw 3 of its levels.

You collected 199 gold pieces.

Inventory:

Hand Weapons
 a - a +0 flail (weapon)
Armour
 b - a +0 robe (worn)
 c - a +0 shield (worn)
Jewellery
 i - an amulet of magic regeneration (around neck)
Scrolls
 j - 2 scrolls of remove curse {unknown}
 l - 3 scrolls of noise {unknown}
 n - 2 scrolls of identify {unknown}
 o - a scroll of enchant weapon {unknown}
 u - a scroll of amnesia {unknown}
Potions
 d - 2 potions of might
 e - a potion of ambrosia {unknown}
 k - 2 potions of berserk rage
 m - a potion of flight {unknown}
 r - a potion of haste
 s - a potion of invisibility {unknown}
 t - a potion of cancellation {unknown}
Comestibles
 f - 3 bread rations
 g - 4 chunks of flesh
 h - a beef jerky
 p - a meat ration


   Skills:
 + Level 5.5 Fighting
 + Level 4.5 Maces & Flails
 + Level 3.7 Dodging
 - Level 2.6 Shields


You had 4 spell levels left.
You didn't know any spells.

Dungeon Overview and Level Annotations

Branches:
Dungeon (3/15)

Altars:


Innate Abilities, Weirdness & Mutations

You are too large for most types of armour.
You have tough skin. (AC +1)


Message History

Your shield prevents you from hitting the adder.
You feel sick. You block the adder's attack.
The adder bites you but does no damage.
You closely miss the adder.
You feel sick. The adder bites you but does no damage.
You barely miss the adder.
You feel sick. The adder closely misses you. The adder bites you.
* * * LOW HITPOINT WARNING * * *
You hit the adder.
The adder is moderately wounded.
The adder bites you.
* * * LOW HITPOINT WARNING * * *
The hobgoblin hits you.
* * * LOW HITPOINT WARNING * * *
You hit the adder.
The adder is heavily wounded.
You feel sick. The adder closely misses you. The hobgoblin hits you.
* * * LOW HITPOINT WARNING * * *
The adder bites you.
You die...

##.......##.#..#........
#.#.....#.#.#.#.........
#..#...#..#.#.##.g......
#...#.#...#.#.#####.....
#####.....#.#.#####....#
#...#.....#.....w.g..#.#
#..#........#...........
#.#...g##.###..........#
#.....@SS.......###.###
##.##.##.####.#.##...##
#. #.##.###....#......
#. #.##.##............
#.##.##.##.........#..
#.#.....##.#......###.
#.#..#####.###.....#..
#.#..# #..........#.
#....# #####........


You could see 2 adders and a hobgoblin.

Vanquished Creatures
  A scorpion (D:3)
  A hound (D:3)
  3 adders
  An ooze (D:2)
  A worm (D:2)
  A dart slug (D:2)
  A leopard gecko (D:1)
  6 bats
  5 goblins
  3 hobgoblins (D:2)
  3 jackals (D:3)
  3 kobolds
  2 quokkas (D:3)
  4 rats
35 creatures vanquished.

Notes
Turn   | Place    | Note
-------+----------+-------------------------------------------
     0 | D:1      | galech the Ogre Fighter began the quest for the Orb.
     0 | D:1      | Reached XP level 1. HP: 24/24 MP: 1/1
   278 | D:1      | Reached XP level 2. HP: 33/33 MP: 2/2
   731 | D:2      | Reached XP level 3. HP: 22/40 MP: 3/3
  1562 | D:3      | Reached skill level 5 in Fighting
  1562 | D:3      | Reached XP level 4. HP: 16/50 MP: 4/4
  1680 | D:3      | Reached XP level 5. HP: 10/57 MP: 5/5
  1685 | D:3      | HP: 1/57 [poisoned by a scorpion]
  2264 | D:3      | HP: 2/57 [hobgoblin (5)]
  2264 | D:3      | Slain by an adder

Skill      XL: |  1  2  3  4 |
---------------+-------------+-----
Maces & Flails | 3 4 |  4.5
Dodging        | 3 |  3.7
Fighting       | 5 |  5.5
Shields        | |  2.6

Action                   |  1- 3 |  4- 6 || total
-------------------------+-------+-------++-------
Melee: Flail             |   109 |    76 ||   185
  Use: Potion            |       |     4 ||     4
 Stab: Distracted        |     1 |       ||     1
  Eat: Chunk             |     2 |     2 ||     4
Armor: Robe              |    37 |    21 ||    58
Dodge: Dodged            |    41 |    33 ||    74
Block: Shield            |    56 |    41 ||    97
